 Dungeon Crawl Stone Soup version 0.32-a0-42-ga30500b4d3 (webtiles) character file.

Game seed: 6310544843611384679

67 Ambrosia the Twirler (level 3, -1/31 HPs)
             Began as a Minotaur Gladiator on Feb 2, 2024.
             Slain by a ribbon worm (6 damage)
             ... on level 3 of the Dungeon.
             The game lasted 00:03:04 (1910 turns).

Ambrosia the Twirler (Minotaur Gladiator)           Turns: 1910, Time: 00:03:04

Health: -1/31      AC:  6    Str: 20    XL:     3   Next: 98%
Magic:  2/2        EV: 12    Int:  5    God:
Gold:   83         SH:  0    Dex: 11    Spells: 2/2 levels left

rFire   . . .        a - +0 quarterstaff
rCold   . . .        (shield currently unavailable)
rNeg    . . .        b - +0 leather armour
rPois   +            h - +2 hat {Stlth+}
rElec   .            (no cloak)
rCorr   .            (no gloves)
SInv    .            m - +0 pair of boots
Will    .....        (no amulet)
Stlth   ++           c - ring of poison resistance {rP+}
HPRegen 0.25/turn    (no ring)
MPRegen 0.08/turn

%: no passive effects
@: no status effects
A: horns 2, retaliatory headbutt
a: no special abilities


You were on level 3 of the Dungeon.
You visited 1 branch of the dungeon, and saw 3 of its levels.

You collected 83 gold pieces.

Inventory:

Hand Weapons
 a - a +0 quarterstaff (weapon)
Missiles
 d - 2 throwing nets (quivered) {=f, !d}
 e - a javelin
Armour
 b - a +0 leather armour (worn)
 h - a +2 hat of stealth (worn)
   (You found it on level 1 of the Dungeon)
 m - a +0 pair of boots (worn)
   (You found it on level 2 of the Dungeon)
Jewellery
 c - a ring of poison resistance (left hand) {rP+}
   (You found it on level 1 of the Dungeon)
Scrolls
 f - a scroll of butterflies
 j - a scroll of amnesia
Potions
 g - a potion of might
 i - a potion of magic
 k - a potion of heal wounds {unknown}
 l - a potion of curing {unknown}


   Skills:
 + Level 3.1 Fighting
 + Level 4.1 Staves
 - Level 2.0 Throwing
 * Level 2.3 Armour
 * Level 4.1 Dodging


You had 2 spell levels left.
You didn't know any spells.
Your spell library was empty.

Dungeon Overview and Level Annotations

Branches:
Dungeon (3/15) Zot: 16081

Altars:
Xom

Shops:
D:1 [   D:3 [


Innate Abilities, Weirdness & Mutations

You have a pair of horns on your head.
You reflexively headbutt those who attack you in melee.


Message History

The ribbon worm expels a string of sticky webbing.
The stream of webbing hits you but does no damage.
You are caught in a web!
There is a web here.
You cannot attack while caught in a web.
Unknown command.
You cannot attack while caught in a web.
You struggle to detach yourself from the web.
The web tears apart.
The ribbon worm expels a string of sticky webbing.
The stream of webbing hits you but does no damage.
You are caught in a web!
The goblin zombie hits you but does no damage.
The web tears apart.
You barely miss the orc. You headbutt the orc. The orc hits you with a +0 whip.
The goblin zombie barely misses you. You furiously retaliate!
You headbutt the goblin zombie. The orc hits you but does no damage.
You take 1 damage, and have 24/31 hp.
You thump the goblin zombie!
You destroy the goblin zombie!
The kobold shouts!
The orc zombie barely misses you. You furiously retaliate!
You headbutt the orc zombie!
You destroy the orc zombie!
The orc hits you with a +0 whip.
You take 3 damage, and have 21/31 hp.
You are too injured to fight recklessly!
You are too injured to fight recklessly!
You are too injured to fight recklessly!
Unknown command.
Hit: a) +0 quarterstaff
Press: ? - help, Dir - move target, f - orc
Aim: an orc, wielding a +0 whip (lightly wounded, about 40% to evade your +0 quarterstaff)
You hit the orc.
The ribbon worm expels a string of sticky webbing.
The stream of webbing hits you but does no damage.
You are caught in a web!
The orc hits you with a +0 whip.
You take 1 damage, and have 20/31 hp.
You cannot attack while caught in a web.
Unknown command.
You cannot attack while caught in a web.
You struggle to detach yourself from the web.
The hobgoblin zombie hits you. The orc barely misses you.
You take 2 damage, and have 18/31 hp.
The web tears apart.
The ribbon worm expels a string of sticky webbing.
The stream of webbing hits you but does no damage.
You are caught in a web!
The hobgoblin zombie hits you but does no damage.
The orc hits you but does no damage.
You cannot attack while caught in a web.
Unknown command.
The web tears apart.
The ribbon worm bites you. The orc completely misses you.
The hobgoblin zombie misses you.
You take 4 damage, and have 15/31 hp.
Hit: a) +0 quarterstaff
Press: ? - help, Dir - move target, f/p - orc
Aim: an orc, wielding a +0 whip (severely wounded, about 40% to evade your +0 quarterstaff)
You thump the orc!
You kill the orc!
The hobgoblin zombie hits you. The ribbon worm bites you!
* * * LOW HITPOINT WARNING * * *
You take 8 damage, and have 7/31 hp.
MASSIVE DAMAGE!!
Hit: a) +0 quarterstaff
Press: ? - help, Dir - move target, f - ribbon worm
Aim: a ribbon worm (about 21% to evade your +0 quarterstaff)
You hit the ribbon worm but do no damage.
The kobold throws a stone.
The stone hits you but does no damage. The ribbon worm barely misses you.
The hobgoblin zombie closely misses you.
Hit: a) +0 quarterstaff
Press: ? - help, Dir - move target, f/p - ribbon worm
Aim: a ribbon worm (about 21% to evade your +0 quarterstaff)
You sock the ribbon worm!
The kobold throws a stone.
The stone hits you but does no damage.
Hit: a) +0 quarterstaff
Press: ? - help, Dir - move target, f/p - ribbon worm
Aim: a ribbon worm (heavily wounded, about 21% to evade your +0 quarterstaff)
You hit the ribbon worm but do no damage.
The hobgoblin zombie hits you but does no damage.
The ribbon worm expels a string of sticky webbing.
The stream of webbing hits you but does no damage.
You are caught in a web!
The kobold throws a stone.
The stone hits you but does no damage.
You cannot attack while caught in a web.
Unknown command.
You cannot attack while caught in a web.
Unknown command.
The web tears apart.
The ribbon worm closely misses you. The hobgoblin zombie barely misses you.
Hit: a) +0 quarterstaff
Press: ? - help, Dir - move target, f/p - ribbon worm
Aim: a ribbon worm (heavily wounded, catching its breath, about 21% to evade your +0 quarterstaff)
You hit the ribbon worm.
The kobold hits you with a +0 short sword.
* * * LOW HITPOINT WARNING * * *
The hobgoblin zombie hits you but does no damage.
The ribbon worm bites you.
You die...

## .8. ÷..#########
.÷..>......#
..8........#
÷..........#
÷.8........#
##...wK...#
#.....@...#
#.....Z)..###
#...........######.
#.........#........
#...........#####..
. ###########....##
.. ##...o####.Z.
#.....Z.....
##..)####...


You could see a ribbon worm (catching breath), a hobgoblin zombie and a kobold.

Vanquished Creatures
  2 adders (D:2 D:3)
  A ribbon worm (D:2)
  3 orcs (D:3)
  An endoplasm (D:1)
  4 giant cockroaches (D:1 D:2)
  3 goblins (D:1 D:2)
  3 hobgoblins (D:1 D:2 D:3)
  4 jackals (D:1 D:2)
  A quokka (D:1)
  2 ball pythons (D:1)
  7 bats (D:1 D:2)
  A goblin zombie (D:3)
  3 kobolds (D:1 D:3)
  An orc zombie (D:3)
  4 rats (D:1 D:2)
40 creatures vanquished.

Notes
Turn   | Place    | Note
-------+----------+-------------------------------------------
     0 | D:1      | Ambrosia the Minotaur Gladiator began the quest for the
                  | Orb.
     0 | D:1      | Reached XP level 1. HP: 18/18 MP: 0/0
   235 | D:1      | Reached skill level 1 in Armour
   272 | D:1      | Reached XP level 2. HP: 25/25 MP: 1/1
   451 | D:1      | Found Xutes's Armour Shoppe.
   893 | D:2      | Found a shimmering altar of Xom.
  1121 | D:2      | Reached XP level 3. HP: 30/30 MP: 2/2
  1265 | D:2      | Reached skill level 2 in Armour
  1267 | D:2      | Reached skill level 4 in Staves
  1284 | D:2      | Reached skill level 3 in Fighting
  1816 | D:3      | Found Anlai's Armour Emporium.
  1821 | D:3      | Noticed a centaur
  1834 | D:3      | Reached skill level 4 in Dodging
  1838 | D:3      | HP: 15/31 [kobold/+0 short sword (1)]
  1904 | D:3      | HP: 15/31 [ribbon worm (4)]
  1905 | D:3      | HP: 7/31 [ribbon worm (7)]
  1910 | D:3      | HP: 5/31 [kobold/+0 short sword (4)]
  1910 | D:3      | Slain by a ribbon worm

Illustrated notes

Levels and vault maps discovered:
D:1:      dpeg_arrival_boxes_within_box, layout_basic, serial_shops,
          nicolae_shop_real_fake_doors, nrook_mini_vaults
D:2:      layout_basic, basic_altar, kennysheep_generic_room_15
D:3:      layout_rooms, nicolae_tso_besieged_by_evil,
          mainiacjoe_overflow_chevrons, shapermc_ecumenical_altar_pompeii,
          serial_shops, nicolae_shop_statue_plus, nicolae_shop_behind_doors,
          uniq_natasha

Skill      XL: |  1  2  3 |
---------------+----------+-----
Armour         | 1 2 |  2.3
Staves         | 4 |  4.1
Fighting       | 3 |  3.1
Dodging        | 4 |  4.1
Throwing       | |  2.0

Action                     || total
---------------------------++-------
  Melee: Quarterstaff      ||    82
         Headbutt          ||    11
  Throw: Throwing net      ||     3
    Use: Scroll            ||     9
   Stab: Sleeping          ||     7
 Armour: Leather armour    ||    55
  Dodge: Dodged            ||    57

Table legend: (Time is in decaauts)
 A = Elapsed time spent in this place.
 B = Non-inter-level travel time spent in this place.
 C = Inter-level travel time spent in this place.
 D = Time resting spent in this place.
 E = Time spent auto-exploring this place.
 F = Levels seen in this place.
 G = Mean time per level.
                   A        B        C        D        E       F      G
               +--------+--------+--------+--------+--------+-----+--------+
         Total |   1917 |   1849 |     68 |      0 |   1538 |   3 |  639.0 |
       Dungeon |   1917 |   1849 |     68 |      0 |   1538 |   3 |  639.0 |
               +--------+--------+--------+--------+--------+-----+--------+

Top non-repeatable levels by time:
     D:2: 937 daAuts
     D:1: 884 daAuts
     D:3: 96 daAuts

Levels and vault maps discovered:
D:1:      dpeg_arrival_boxes_within_box, layout_basic, serial_shops,
          nicolae_shop_real_fake_doors, nrook_mini_vaults
D:2:      layout_basic, basic_altar, kennysheep_generic_room_15
D:3:      layout_rooms, nicolae_tso_besieged_by_evil,
          mainiacjoe_overflow_chevrons, shapermc_ecumenical_altar_pompeii,
          serial_shops, nicolae_shop_statue_plus, nicolae_shop_behind_doors,
          uniq_natasha

Table legend: (Time is in decaauts)
 A = Elapsed time spent in this place.
 B = Non-inter-level travel time spent in this place.
 C = Inter-level travel time spent in this place.
 D = Time resting spent in this place.
 E = Time spent auto-exploring this place.
 F = Levels seen in this place.
 G = Mean time per level.
                   A        B        C        D        E       F      G
               +--------+--------+--------+--------+--------+-----+--------+
         Total |   1917 |   1849 |     68 |      0 |   1538 |   3 |  639.0 |
       Dungeon |   1917 |   1849 |     68 |      0 |   1538 |   3 |  639.0 |
               +--------+--------+--------+--------+--------+-----+--------+

Top non-repeatable levels by time:
     D:2: 937 daAuts
     D:1: 884 daAuts
     D:3: 96 daAuts

Table legend:
 A = Kills in this place as a percentage of kills in the entire game.
 B = Kills by you in this place as a percentage of kills by you in the entire game.
 C = Kills by friends in this place as a percentage of kills by friends in the entire game.
 D = Other kills in this place as a percentage of other kills in the entire game.
 E = Experience gained in this place as a percentage of experience gained in the entire game.
 F = Experience gained in this place divided by the number of levels of this place that you have seen.
                   A       B       C       D       E      F
               +-------+-------+-------+-------+-------+----------------------
         Total | 100.0 | 100.0 |   N/A |   N/A | 100.0 |  32.0
       Dungeon | 100.0 | 100.0 |   N/A |   N/A | 100.0 |  32.0
               +-------+-------+-------+-------+-------+----------------------
